Map: Temple of the Past

Players

Gost

  • Race: Zerg Zerg

NamroodTuo

  • Race: Zerg Zerg

VOD

Have the link to the VOD?

Description

Time

  • Played on: May 17, 2023, 6:02 a.m.
  • Length: 26:27
Show
View Real Time Build Order
Export as new Build Order

Gost Zerg 

Build Orders:  

Get SALT Encoding   

  18  0:32  Primal Drone x4  
  18  0:34  Primal Drone  
  23  1:23  Extractor  
  23  1:25  Extractor  
  23  1:34  Primal Warden  
  24  1:45  Primal Warden  
  24  1:46  Primal Drone x3  
  28  1:55  Primal Drone  
  28  1:56  Primal Drone  
  30  2:22  Primal Warden  
  30  2:27  Primal Drone  
  32  2:40  Primal Attacks Level 1  
  32  2:44  Primal Drone  
  33  2:51  Primal Drone  
  33  2:57  Primal Drone  
  35  3:18  Primal Drone  
  36  4:15  Primal Drone x3  
  39  4:28  Primal Drone  
  40  4:33  Glevig's Den  
  44  4:47  Primal Hive  
  44  4:54  Primal Warden  
  44  4:55  Primal Warden  
  44  4:57  Primal Warden  
  44  5:33  Primal Drone x2  
  44  5:34  Primal Drone x2  
  44  6:12  Primal Drone x3  
  44  6:13  Primal Attacks Level 2  
  44  6:19  Murvar's Den  
  46  6:29  Extractor x2  
  46  6:31  Primal Drone  
  46  6:32  Primal Drone x2  
  49  6:40  Primal Drone  
  49  6:41  Primal Drone  
  49  6:45  Primal Drone  
  49  6:46  Primal Carapace Level 1  
  49  7:54  Primal Drone x3  
  49  7:55  Primal Drone  
  53  8:01  Primal Drone x3  
  53  8:02  Primal Drone x2  
  53  8:04  Primal Drone  
  59  8:35  Aerial Burst Sacs  
  59  8:39  Primal Swarm Host x6  
  77  8:40  Primal Swarm Host x4  
  77  8:43  Primal Drone x2  
  91  8:53  Primal Drone x2  
  91  8:54  Primal Drone x2  
  91  8:57  Primal Swarm Host  
  98  9:39  Primal Swarm Host x5  
  108  10:17  Primal Swarm Host  
  108  10:18  Primal Swarm Host x3  
  115  11:38  Primal Swarm Host  
  115  11:39  Primal Swarm Host x5  
  133  11:40  Primal Swarm Host x2  
  134  12:05  Primal Swarm Host x2  
  134  12:06  Primal Swarm Host  
  139  14:14  Primal Attacks Level 3  
  139  14:15  Primal Carapace Level 2  
  139  14:44  Primal Swarm Host x4  
  139  14:45  Primal Swarm Host x6  
  163  16:04  Primal Swarm Host  
  163  16:05  Primal Swarm Host x4  
  163  16:06  Primal Swarm Host x3  
  183  18:06  Primal Swarm Host x4  
  183  18:07  Primal Swarm Host  
  180  21:07  Primal Swarm Host  
  180  21:08  Primal Swarm Host x4  
  180  21:09  Primal Swarm Host  
Show
View Real Time Build Order
Export as new Build Order

NamroodTuo Zerg 

Build Orders:  

Get SALT Encoding   

  12  0:08  Infested SCV  
  13  0:26  Infested Barracks  
  13  0:32  Infested SCV  
  13  0:39  Infested SCV  
  15  0:49  Overlord  
  15  1:16  Infested SCV  
  16  1:27  Infested SCV  
  16  1:29  Infestation Level 1  
  17  1:37  Infested Refinery  
  17  1:38  Infested SCV  
  18  1:43  Infested SCV  
  18  1:48  Infested SCV  
  20  1:53  Infested SCV  
  21  2:06  Infested Marine  
  21  2:07  Infested Marine  
  23  2:10  Overlord  
  23  2:31  Overlord  
  23  2:39  Infested Barracks Tech Lab  
  23  2:42  Infested SCV  
  24  3:06  Infested Engineering Bay  
  24  3:10  Infested Marine  
  24  3:11  Infested Marine x3  
  24  3:15  Infested SCV  
  24  3:16  Infested SCV  
  30  3:41  Infested SCV  
  30  3:48  Infested Bunker  
  35  3:51  Infested SCV  
  34  4:14  Infestation Level 2  
  34  4:47  Infested Command Center  
  34  5:00  Retinal Augmentation  
  30  5:14  Infested SCV x3  
  30  5:15  Infested SCV x2  
  35  5:38  Stukov Infantry Weapons Level 1  
  35  6:18  Overlord x2  
  35  6:19  Infested SCV x2  
  37  6:23  Anaerobic Enhancement  
  37  6:38  Infested Refinery  
  37  6:56  Infested SCV  
  37  6:57  Infested SCV x3  
  41  7:14  Infested Factory  
  41  7:34  Infested SCV x4  
  49  7:45  Infested Bunker  
  53  8:02  Broodling Gestation  
  53  8:04  Infested Bunker  
  53  8:07  Infested SCV x2  
  53  8:08  Infested SCV x3  
  58  8:14  Infested Refinery  
  58  8:33  Infested Missile Turret  
  58  8:52  Infested Missile Turret  
  58  9:00  Infested Missile Turret  
  58  9:05  Stukov Infantry Armor Level 1  
  58  9:07  Infested Armory  
  58  9:16  Infested Refinery  
  58  9:17  Infested SCV x2  
  58  9:18  Unknown, Infested SCV  
  61  9:24  Infested Bunker  
  65  9:33  Infested Bunker  
  65  9:38  Infested Marine  
  70  9:42  Overlord x4  
  74  10:20  Infested SCV, Infested Bunker  
  74  10:21  Infested SCV x3  
  78  10:56  Overlord x3  
  78  10:58  Aggressive Incubation  
  78  11:01  Overseer x3  
  78  11:02  Overseer x4  
  78  11:08  Infested Missile Turret  
  77  11:45  Stukov Infantry Weapons Level 2  
  77  11:47  Infestation Level 3  
  77  12:37  Infested Bunker  
  81  12:47  Infested Bunker  
  83  13:23  Infested Missile Turret  
  83  13:35  Infested Missile Turret  
  83  13:37  Infested Bunker  
  87  13:43  Infested Bunker  
  87  13:46  Overlord x4  
  87  13:47  Infested SCV  
  92  14:16  Infested Bunker  
  96  14:23  Infested Missile Turret  
  96  14:29  Infested Bunker  
  100  14:31  Infested Missile Turret  
  100  14:42  Plagued Munitions  
  100  14:48  Stukov Vehicle and Ship Armor Level 1  
  100  14:55  Calcified Armor  
  100  15:05  Infested Missile Turret  
  100  15:16  Infested Missile Turret  
  100  15:24  Infested Bunker  
  108  15:53  Infested Bunker  
  108  15:55  Regenerative Plating  
  108  16:12  Infested Missile Turret  
  112  16:33  Overlord x2  
  112  16:34  Overlord, Infested Bunker  
  112  16:41  Infested Missile Turret  
  112  16:55  Stukov Infantry Armor Level 2  
  116  17:12  Infested Bunker  
  116  17:21  Infested Missile Turret  
  116  17:28  Stukov Vehicle and Ship Weapons Level 1  
  116  17:58  Infested Missile Turret  
  120  19:55  Infested Bunker  
  124  20:05  Stukov Infantry Weapons Level 3  
  124  20:45  Infested Missile Turret  
  124  21:06  Overlord x5  
  124  21:16  Infested Bunker  
  124  21:17  Infested Bunker  
  131  22:02  Infested Bunker  
  131  22:05  Infested Missile Turret  
  135  22:18  Infested Bunker  
  139  22:33  Stukov Vehicle and Ship Armor Level 2  
  139  22:49  Infested Missile Turret  
  139  23:06  Infested Missile Turret  
  139  23:18  Infested Bunker  
  139  23:47  Infested Marine  
  139  23:48  Infested Marine x19  
  159  24:07  Infested Missile Turret  
Tags
 
Add a new tag
Caveats
  • Supply blocks, unpowered buildings, or Contaminate may cause inaccurate times.
  • Supply counts are checked every 10 seconds.